| TOP OF THE 1ST |
|
Bowie Baysox batting - Pitching for Portland Sea Dogs : LHP Randy Yarrigle
|
|
Pitching: LHP Randy Yarrigle
|
|
|
Batting: RHB Orlando Melchor
|
0-0: Ball 1-0: Swinging Strike 1-1: Foul Ball, location: 2F 1-2: SINGLE (Line Drive, 78M, EV 93.8 MPH)
|
|
Batting: RHB Danny Merrill
|
0-0: Foul Ball, location: 2F 0-1: Ball 1-1: Foul Ball, location: 2F 1-2: Ball 2-2: Grounds into double play, 4-6-3 (Groundball, 4, EV 85.0 MPH)
|
|
Batting: RHB Rudo Garciaparra
|
0-0: Ball 1-0: Ball 2-0: Foul Ball, location: 2F 2-1: Swinging Strike 2-2: Ball 3-2: Fly out, F9 (Line Drive, 9, EV 88.8 MPH)
|
| Top of the 1st over - 0 runs, 1 hit, 0 errors, 0 left on base; Bowie 0 - Portland 0 |
| BOTTOM OF THE 1ST |
|
Portland Sea Dogs batting - Pitching for Bowie Baysox : RHP Travis Tovey
|
|
Pitching: RHP Travis Tovey
|
|
|
Batting: LHB Julian Toney
|
0-0: Ball 1-0: Foul Ball, location: 2F 1-1: Foul Ball, location: 2F 1-2: Ball 2-2: Fly out, F6 (Flyball, 56D, EV 88.8 MPH)
|
|
Batting: RHB Nate Dickinson
|
0-0: Ball 1-0: Swinging Strike 1-1: Ball 2-1: SINGLE (Line Drive, 6MD, EV 95.0 MPH)
|
|
Batting: LHB Brent Albertson
|
0-0: Ball Nate Dickinson steals 2nd base 1-0: Called Strike 1-1: Foul Ball, location: 2F 1-2: Strikes out looking
|
|
Batting: LHB Alex Mendoza
|
0-0: Ball 1-0: Called Strike 1-1: Ball 2-1: Ground out U3 (Groundball, 3L, EV 88.8 MPH)
|
| Bottom of the 1st over - 0 runs, 1 hit, 0 errors, 1 left on base; Bowie 0 - Portland 0 |
| TOP OF THE 2ND |
|
Bowie Baysox batting - Pitching for Portland Sea Dogs : LHP Randy Yarrigle
|
|
Batting: RHB Dermott Neill
|
0-0: Foul Ball, location: 2F 0-1: Swinging Strike 0-2: Ball 1-2: Ball 2-2: Fly out, F4 (Popup, 4D, EV 48.8 MPH)
|
|
Batting: RHB Min-u Lee
|
0-0: SINGLE (Groundball, P, EV 85.6 MPH) (infield hit)
|
|
Batting: RHB Longfellow Wetzler
|
0-0: Swinging Strike 0-1: Called Strike 0-2: Fielders Choice at 2nd, 3-6 (Groundball, 34, EV 98.8 MPH)
|
|
Batting: SHB Tony Pantaleon
|
0-0: Ball 1-0: Fly out, F7 (Flyball, 78S, EV 90.0 MPH)
|
| Top of the 2nd over - 0 runs, 1 hit, 0 errors, 1 left on base; Bowie 0 - Portland 0 |
| BOTTOM OF THE 2ND |
|
Portland Sea Dogs batting - Pitching for Bowie Baysox : RHP Travis Tovey
|
|
Batting: RHB Carlos Nolasco
|
0-0: Ball 1-0: Called Strike 1-1: Ball 2-1: Ball 3-1: Swinging Strike 3-2: Strikes out swinging
|
|
Batting: LHB Dave Reyes
|
0-0: Ground out 5-3 (Groundball, 56S, EV 76.3 MPH)
|
|
Batting: RHB Pat Bulger
|
0-0: Ball 1-0: Fly out, F8 (Flyball, 8LS, EV 89.4 MPH)
|
| Bottom of the 2nd over - 0 runs, 0 hits, 0 errors, 0 left on base; Bowie 0 - Portland 0 |
| TOP OF THE 3RD |
|
Bowie Baysox batting - Pitching for Portland Sea Dogs : LHP Randy Yarrigle
|
|
Batting: RHB Vince Jackson
|
0-0: Ball 1-0: Ball 2-0: Called Strike 2-1: Ground out 5-3 (Groundball, 56, EV 103.8 MPH)
|
|
Batting: SHB Eric Tiehen
|
0-0: Ball 1-0: Ground out 5-3 (Groundball, 56S, EV 83.8 MPH)
|
|
Batting: RHB Orlando Melchor
|
0-0: Called Strike 0-1: Ball 1-1: Ball 2-1: Called Strike 2-2: Reached on error, E6 (Groundball, 6, EV 90.0 MPH)
|
|
Batting: RHB Danny Merrill
|
0-0: Ball 1-0: Ball 2-0: Called Strike 2-1: Ball 3-1: Base on Balls Orlando Melchor to second
|
|
Batting: RHB Rudo Garciaparra
|
0-0: Called Strike 0-1: Ball 1-1: Foul Ball, location: 2F 1-2: Foul Ball, location: 2F 1-2: Strikes out swinging
|
| Top of the 3rd over - 0 runs, 0 hits, 1 error, 2 left on base; Bowie 0 - Portland 0 |
| BOTTOM OF THE 3RD |
|
Portland Sea Dogs batting - Pitching for Bowie Baysox : RHP Travis Tovey
|
|
Batting: RHB Rogelio Losano
|
0-0: Ball 1-0: Ball 2-0: Called Strike 2-1: Swinging Strike 2-2: Foul Ball, location: 2F 2-2: Foul Ball, location: 2F 2-2: Ground out U3 (Groundball, 34S, EV 81.3 MPH)
|
|
Batting: LHB Arcot Ramathorn
|
0-0: Ball 1-0: Swinging Strike 1-1: Foul Ball, location: 2F 1-2: Ball 2-2: Foul Ball, location: 2F 2-2: Ball 3-2: Base on Balls
|
|
Batting: LHB Julian Toney
|
0-0: Ball 1-0: Ball 2-0: Called Strike Arcot Ramathorn steals 2nd base 2-1: Called Strike 2-2: Strikes out swinging
|
|
Batting: RHB Nate Dickinson
|
0-0: Called Strike 0-1: Ball 1-1: 2-RUN HOME RUN (Flyball, 7LD, EV 95.0 MPH), Distance : 369 ft
|
|
Batting: LHB Brent Albertson
|
0-0: Ball 1-0: Swinging Strike 1-1: SINGLE (Groundball, 25, EV 68.1 MPH) (infield hit)
|
|
Batting: LHB Alex Mendoza
|
0-0: Called Strike Brent Albertson steals 2nd base (no throw) 0-1: Fly out, F9 (Flyball, 9, EV 95.0 MPH)
|
| Bottom of the 3rd over - 2 runs, 2 hits, 0 errors, 1 left on base; Bowie 0 - Portland 2 |
| TOP OF THE 4TH |
|
Bowie Baysox batting - Pitching for Portland Sea Dogs : LHP Randy Yarrigle
|
|
Batting: RHB Dermott Neill
|
0-0: Called Strike 0-1: Ball 1-1: Fly out, F7 (Flyball, 7LD, EV 103.1 MPH)
|
|
Batting: RHB Min-u Lee
|
0-0: Called Strike 0-1: Swinging Strike 0-2: Ball 1-2: Ball 2-2: Foul Ball, location: 2F 2-2: Fly out, F8 (Flyball, 8LXD, EV 101.9 MPH)
|
|
Batting: RHB Longfellow Wetzler
|
0-0: Fly out, F9 (Flyball, 9LS, EV 93.1 MPH)
|
| Top of the 4th over - 0 runs, 0 hits, 0 errors, 0 left on base; Bowie 0 - Portland 2 |
| BOTTOM OF THE 4TH |
|
Portland Sea Dogs batting - Pitching for Bowie Baysox : RHP Travis Tovey
|
|
Batting: RHB Carlos Nolasco
|
0-0: Ball 1-0: Foul Ball, location: 2F 1-1: Called Strike 1-2: SINGLE (Groundball, 4D, EV 98.1 MPH)
|
|
Batting: LHB Dave Reyes
|
0-0: Ball 1-0: Ball 2-0: Called Strike 2-1: Ball 3-1: Called Strike 3-2: Fielders Choice at 2nd, 3-6 (Groundball, 34S, EV 88.1 MPH)
|
|
Batting: RHB Pat Bulger
|
0-0: Called Strike Dave Reyes steals 2nd base 0-1: Ball 1-1: Ball 2-1: Ball 3-1: Called Strike 3-2: Base on Balls
|
|
Batting: RHB Rogelio Losano
|
0-0: Ball 1-0: Fly out, F3 (Popup, 34S, EV 70.0 MPH)
|
|
Batting: LHB Arcot Ramathorn
|
0-0: Ball 1-0: Ball 2-0: Ball 3-0: Base on Balls Dave Reyes to third Pat Bulger to second
|
|
Batting: LHB Julian Toney
|
0-0: Ball 1-0: Called Strike 1-1: Foul Ball, location: 2F 1-2: Ball 2-2: Ball 3-2: Base on Balls Dave Reyes scores Pat Bulger to third Arcot Ramathorn to second
|
|
Batting: RHB Nate Dickinson
|
0-0: Ball 1-0: Foul Ball, location: 2F 1-1: Ball 2-1: Ball 3-1: Called Strike 3-2: Base on Balls Pat Bulger scores Arcot Ramathorn to third Julian Toney to second
|
|
Batting: LHB Brent Albertson
|
0-0: Called Strike 0-1: Foul Ball, location: 2F 0-2: Ball 1-2: Ball 2-2: Fielders Choice at 2nd, 5-4 (Groundball, 56, EV 99.4 MPH)
|
| Bottom of the 4th over - 2 runs, 1 hit, 0 errors, 3 left on base; Bowie 0 - Portland 4 |
| TOP OF THE 5TH |
|
Bowie Baysox batting - Pitching for Portland Sea Dogs : LHP Randy Yarrigle
|
|
Batting: SHB Tony Pantaleon
|
0-0: Called Strike 0-1: Ball 1-1: Reached on error, E1 (Groundball, P, EV 74.4 MPH)
|
|
Batting: RHB Vince Jackson
|
0-0: Ball 1-0: Called Strike 1-1: Swinging Strike 1-2: Foul Ball, location: 2F 1-2: Strikes out swinging
|
|
Batting: SHB Eric Tiehen
|
0-0: Ball 1-0: Ball 2-0: Ball 3-0: Called Strike 3-1: Fielders Choice at 2nd, 5-4 (Groundball, 56, EV 102.5 MPH)
|
|
Batting: RHB Orlando Melchor
|
0-0: Called Strike 0-1: Ball 1-1: Called Strike 1-2: Ball 2-2: Fly out, F8 (Flyball, 8RM, EV 84.4 MPH)
|
| Top of the 5th over - 0 runs, 0 hits, 1 error, 1 left on base; Bowie 0 - Portland 4 |
| BOTTOM OF THE 5TH |
|
Portland Sea Dogs batting - Pitching for Bowie Baysox : RHP Travis Tovey
|
|
Batting: LHB Alex Mendoza
|
0-0: Foul Ball, location: 2F 0-1: Foul Ball, location: 2F 0-2: Ball 1-2: Ball 2-2: Ball 3-2: DOUBLE (Line Drive, 9LM, EV 87.5 MPH)
|
|
Pitching: RHP Påske Olmqvist
|
|
|
Batting: RHB Carlos Nolasco
|
0-0: Ball 1-0: Ball 2-0: Ball 3-0: Base on Balls
|
|
Batting: LHB Dave Reyes
|
0-0: Called Strike 0-1: Called Strike 0-2: Foul Ball, location: 2F 0-2: Foul Ball, location: 2F 0-2: Fielders Choice at 2nd, 1-6 (Groundball, P, EV 66.9 MPH) Alex Mendoza to third
|
|
Batting: RHB Pat Bulger
|
0-0: Ball 1-0: Grounds into double play, 6-4-3 (Groundball, 6M, EV 85.6 MPH)
|
| Bottom of the 5th over - 0 runs, 1 hit, 0 errors, 1 left on base; Bowie 0 - Portland 4 |
| TOP OF THE 6TH |
|
Bowie Baysox batting - Pitching for Portland Sea Dogs : LHP Randy Yarrigle
|
|
Batting: RHB Danny Merrill
|
0-0: Ball 1-0: Fly out, F8 (Flyball, 78D, EV 88.8 MPH)
|
|
Batting: RHB Rudo Garciaparra
|
0-0: Ball 1-0: Foul Ball, location: 2F 1-1: Foul Ball, location: 2F 1-2: Foul Ball, location: 2F 1-2: Foul Ball, location: 2F 1-2: Ball 2-2: Foul Ball, location: 2F 2-2: Foul Ball, location: 2F 2-2: Strikes out looking
|
|
Batting: RHB Dermott Neill
|
0-0: Ball 1-0: Ball 2-0: Called Strike 2-1: Foul Ball, location: 2F 2-2: Ball 3-2: Base on Balls
|
|
Pitching: RHP Paul Carter
|
|
|
Batting: RHB Min-u Lee
|
0-0: Foul Ball, location: 2F 0-1: Swinging Strike 0-2: Ball 1-2: Fly out, F6 (Popup, 6MS, EV 70.6 MPH)
|
| Top of the 6th over - 0 runs, 0 hits, 0 errors, 1 left on base; Bowie 0 - Portland 4 |
| BOTTOM OF THE 6TH |
|
Portland Sea Dogs batting - Pitching for Bowie Baysox : RHP Påske Olmqvist
|
|
Batting: RHB Rogelio Losano
|
0-0: Ball 1-0: Called Strike 1-1: Swinging Strike 1-2: Strikes out swinging
|
|
Batting: LHB Arcot Ramathorn
|
0-0: Called Strike 0-1: Foul Ball, location: 2F 0-2: Ball 1-2: Ball 2-2: Ball 3-2: Foul Ball, location: 2F 3-2: Base on Balls
|
|
Batting: LHB Julian Toney
|
0-0: Called Strike Arcot Ramathorn steals 2nd, throwing error, E2 Arcot Ramathorn to third 0-1: SINGLE (Groundball, 6MD, EV 104.4 MPH) Arcot Ramathorn scores
|
|
Batting: RHB Nate Dickinson
|
0-0: Ball 1-0: Ball 2-0: Swinging Strike Balk! Julian Toney to second 2-1: Ball 3-1: Base on Balls
|
|
Batting: LHB Brent Albertson
|
0-0: Ball 1-0: Ball 2-0: Swinging Strike 2-1: Ball 3-1: SINGLE (Line Drive, 56D, EV 101.9 MPH) Julian Toney to third Nate Dickinson to second
|
|
Batting: LHB Alex Mendoza
|
0-0: Reached on error, E6 (Groundball, 6, EV 83.8 MPH) Julian Toney scores Nate Dickinson to third Brent Albertson to second
|
|
Batting: RHB Carlos Nolasco
|
0-0: Ball 1-0: Swinging Strike 1-1: Swinging Strike 1-2: Foul Ball, location: 2F 1-2: Foul Ball, location: 2F 1-2: Ball 2-2: Strikes out swinging
|
|
Batting: LHB Dave Reyes
|
0-0: Foul Ball, location: 2F 0-1: Swinging Strike 0-2: Strikes out looking
|
| Bottom of the 6th over - 2 runs, 2 hits, 2 errors, 3 left on base; Bowie 0 - Portland 6 |
| TOP OF THE 7TH |
|
Bowie Baysox batting - Pitching for Portland Sea Dogs : RHP Paul Carter
|
|
Batting: RHB Longfellow Wetzler
|
0-0: Called Strike 0-1: Foul Ball, location: 2F 0-2: Strikes out swinging
|
|
Batting: SHB Tony Pantaleon
|
0-0: Ground out U3 (Groundball, 3, EV 107.5 MPH)
|
|
Batting: RHB Vince Jackson
|
0-0: Called Strike 0-1: Ball 1-1: Fly out, F9 (Flyball, 9S, EV 83.8 MPH)
|
| Top of the 7th over - 0 runs, 0 hits, 0 errors, 0 left on base; Bowie 0 - Portland 6 |
| BOTTOM OF THE 7TH |
|
Portland Sea Dogs batting - Pitching for Bowie Baysox : RHP Påske Olmqvist
|
|
Batting: RHB Pat Bulger
|
0-0: Called Strike 0-1: Ball 1-1: Ground out 6-3 (Groundball, 6, EV 104.4 MPH)
|
|
Batting: RHB Rogelio Losano
|
0-0: Ball 1-0: Swinging Strike 1-1: Foul Ball, location: 2F 1-2: SINGLE (Groundball, 6D, EV 105.0 MPH)
|
|
Batting: LHB Arcot Ramathorn
|
0-0: Called Strike 0-1: Ball 1-1: Ball 2-1: Fielders Choice at 2nd, U6 (Groundball, 4M, EV 98.1 MPH)
|
|
Batting: LHB Julian Toney
|
0-0: Ball 1-0: Ball 2-0: Called Strike 2-1: Foul Ball, location: 2F 2-2: Strikes out looking
|
| Bottom of the 7th over - 0 runs, 1 hit, 0 errors, 1 left on base; Bowie 0 - Portland 6 |
| TOP OF THE 8TH |
|
Bowie Baysox batting - Pitching for Portland Sea Dogs : RHP Paul Carter
|
|
Batting: SHB Eric Tiehen
|
0-0: Ground out U3 (Groundball, 3, EV 91.3 MPH)
|
|
Batting: RHB Orlando Melchor
|
0-0: Ball 1-0: Called Strike 1-1: Swinging Strike 1-2: Foul Ball, location: 2F 1-2: Ball 2-2: Strikes out swinging
|
|
Batting: RHB Danny Merrill
|
0-0: Ball 1-0: Ball 2-0: Ball 3-0: Called Strike 3-1: Called Strike 3-2: Foul Ball, location: 2F 3-2: Strikes out swinging
|
| Top of the 8th over - 0 runs, 0 hits, 0 errors, 0 left on base; Bowie 0 - Portland 6 |
| BOTTOM OF THE 8TH |
|
Portland Sea Dogs batting - Pitching for Bowie Baysox : RHP Påske Olmqvist
|
|
Batting: RHB Nate Dickinson
|
0-0: SINGLE (Groundball, 56D, EV 108.1 MPH)
|
|
Pitching: RHP Shane Kruger
|
|
|
Batting: LHB Brent Albertson
|
0-0: Ball Nate Dickinson steals 2nd base (no throw) 1-0: Fly out, F9 (Flyball, 9LM, EV 85.6 MPH) Runner from 2nd tags up, SAFE at 3rd, no throw by RF
|
|
Batting: LHB Alex Mendoza
|
0-0: Fly out, F8 (Line Drive, 8RD, EV 86.9 MPH)
|
|
Batting: RHB Carlos Nolasco
|
0-0: Ball 1-0: Ball 2-0: Called Strike 2-1: Called Strike 2-2: Foul Ball, location: 2F 2-2: DOUBLE (Flyball, 8RXD, EV 108.1 MPH) Nate Dickinson scores
|
|
Batting: LHB Dave Reyes
|
0-0: Ball 1-0: Ball 2-0: Fly out, F4 (Line Drive, 4, EV 74.4 MPH)
|
| Bottom of the 8th over - 1 run, 2 hits, 0 errors, 1 left on base; Bowie 0 - Portland 7 |
| TOP OF THE 9TH |
|
Bowie Baysox batting - Pitching for Portland Sea Dogs : RHP Paul Carter
|
|
Batting: RHB Rudo Garciaparra
|
0-0: Called Strike 0-1: Called Strike 0-2: Foul Ball, location: 2F 0-2: Ball 1-2: Foul Ball, location: 2F 1-2: Ball 2-2: Foul Ball, location: 2F 2-2: Ball 3-2: Base on Balls
|
|
Pitching: RHP Toichi Komata
|
|
|
Batting: RHB Dermott Neill
|
0-0: Foul Ball, location: 2F 0-1: Ball 1-1: Ball 2-1: Called Strike 2-2: SINGLE (Groundball, 6D, EV 99.4 MPH) Rudo Garciaparra to second
|
|
Batting: RHB Min-u Lee
|
0-0: Ball Wild Pitch! Rudo Garciaparra to third Dermott Neill to second 1-0: Ground out 5-3 (Groundball, 56, EV 105.6 MPH) Rudo Garciaparra scores
|
|
Batting: RHB Longfellow Wetzler
|
0-0: Ball 1-0: Ball 2-0: SINGLE (Groundball, 56D, EV 100.0 MPH) Dermott Neill to third
|
|
Batting: SHB Tony Pantaleon
|
0-0: Ball 1-0: Called Strike 1-1: Ball Wild Pitch! Dermott Neill scores Longfellow Wetzler to second 2-1: Foul Ball, location: 2F 2-2: Strikes out looking
|
|
Batting: RHB Vince Jackson
|
0-0: Ball 1-0: Foul Ball, location: 2F 1-1: Swinging Strike 1-2: Strikes out looking
|
| Top of the 9th over - 2 runs, 2 hits, 0 errors, 1 left on base; Bowie 2 - Portland 7 |
|